 Dungeon Crawl Stone Soup version 0.24.0-13-gcf9b3192b9 (webtiles) character file.

Game seed: 7878259702526211108, levelgen mode: deterministic

422 MisterOstroum the Skirmisher (level 6, 0/66 HPs)
             Began as an Ogre Transmuter on Nov 7, 2019.
             Was a Follower of Fedhas.
             Slain by an iguana (12 damage)
             ... on level 3 of the Dungeon.
             The game lasted 00:15:18 (6958 turns).

MisterOstroum the Skirmisher (Ogre Transmuter)      Turns: 6958, Time: 00:15:19

Health: 0/66       AC:  3    Str: 16    XL:     6   Next: 95%
Magic:  7/11       EV: 10    Int: 15    God:    Fedhas [*.....]
Gold:   92         SH:  0    Dex:  9    Spells: 5/12 levels left

rFire    . . .     SeeInvis .     - Unarmed
rCold    . . .     Gourm    .   (no shield)
rNeg     . . .     Faith    .   b - +0 robe
rPois    .         Spirit   .   (helmet restricted)
rElec    .         Reflect  .   (no cloak)
rCorr    .         Harm     .   (gloves unavailable)
MR       .....                  (boots unavailable)
Stlth    +.........             (no amulet)
HPRegen  0.21/turn              (no ring)
MPRegen  0.12/turn              (no ring)

@: no status effects
A: large, unfitting armour, tough skin 1
a: Renounce Religion


You were on level 3 of the Dungeon.
You worshipped Fedhas.
Fedhas was aware of your devotion.
You were hungry.

You visited 1 branch of the dungeon, and saw 4 of its levels.

You collected 182 gold pieces.
You spent 90 gold pieces at shops.

Inventory:

Hand Weapons
 i - a +2 dagger of chaos
 q - a +2 dagger of venom
Missiles
 a - 15 arrows
 l - 107 stones
 n - 19 poisoned darts (quivered)
Armour
 b - a +0 robe (worn)
Jewellery
 c - an uncursed amulet of guardian spirit {unknown}
Wands
 h - a wand of polymorph (10)
Scrolls
 d - a scroll of fear {!r}
 f - a scroll of magic mapping {unknown}
 k - a scroll of remove curse {@r2}
 r - a scroll of teleportation {unknown}
Potions
 g - a potion of curing {@q1 !q}
 j - a potion of brilliance {unknown}
 m - a potion of degeneration {unknown}
 o - a potion of agility {unknown}
 p - a potion of mutation {unknown}
Comestibles
 e - 3 rations
 s - a chunk of flesh


   Skills:
 - Level 5.1 Fighting
 - Level 1.7 Dodging
 - Level 3.0 Unarmed Combat
 + Level 3.7 Spellcasting
 * Level 3.7 Transmutations
 * Level 2.5 Ice Magic


You had 5 spell levels left.
You knew the following spells:

 Your Spells              Type           Power        Failure   Level  Hunger
a - Beastly Appendage     Tmut           ##....       4%          1    None
b - Sticks to Snakes      Tmut           ##......     6%          2    ##.....
c - Ice Form              Ice/Tmut       ##......     45%         4    ####...

Your spell library contained the following spells:

 Spells                   Type           Power        Failure   Level  Hunger
 Spider Form              Tmut/Pois      #.........   26%         3    ###....
 Blade Hands              Tmut           ##........   73%         5    ######.


Dungeon Overview and Level Annotations

Branches:
Dungeon (4/15)
 Temple: D:4-7

Altars:
Fedhas
Kikubaaqudgha
Xom
Zin


Innate Abilities, Weirdness & Mutations

You are too large for most types of armour.
You have tough skin. (AC +1)


Message History

Your ball python barely misses the iguana.
Your ball python grabs the iguana.
Your ball python constricts the iguana.
The iguana bites you.
Your ball python bites the iguana.
Your ball python constricts the iguana.
Press: ? - help, v - describe, . - travel
Here: an iguana (moderately wounded, constricted by your ball python)
The floor.
Unknown command.
You hit the iguana but do no damage.
The iguana is moderately wounded.
Your ball python bites the iguana but does no damage.
Your ball python constricts the iguana.
The iguana barely misses you.
You completely miss the iguana.
The iguana is lightly wounded.
Your ball python bites the iguana but does no damage.
Your ball python constricts the iguana.
The iguana bites you!
* * * LOW HITPOINT WARNING * * *
You hit the iguana.
The iguana is heavily wounded.
Your ball python barely misses the iguana.
Your ball python constricts the iguana.
The iguana barely misses you.
You barely miss the iguana.
The iguana is heavily wounded.
Your ball python bites the iguana but does no damage.
Your ball python constricts the iguana.
The iguana bites you.
* * * LOW HITPOINT WARNING * * *
Your ball python bites the iguana but does no damage.
Your ball python constricts the iguana.
The iguana hisses menacingly.
The iguana bites your ball python.
Your ball python bites the iguana but does no damage.
Your ball python constricts the iguana.
Your ball python bites the iguana.
Your ball python constricts the iguana.
The iguana bites your ball python.
Your ball python bites the iguana but does no damage.
Your ball python constricts the iguana.
The iguana closely misses your ball python.
Your ball python bites the iguana but does no damage.
Your ball python constricts the iguana.
The iguana bites your ball python!
Your ball python dies!
The iguana hisses angrily.
Casting: Sticks to Snakes (safe; 6% risk of failure)
Confirm with . or Enter, or press ? or * to list all spells.
You create a snake!
You now have 17 arrows.
Casting: Sticks to Snakes (safe; 6% risk of failure)
Confirm with . or Enter, or press ? or * to list all spells.
You create a snake!
You now have 16 arrows.
What are your orders? t - Shout!
Orders for allies: a - Attack new target. r - Retreat! s - Stop attacking. g - Guard the area. f - Follow me.
Anything else - Cancel.
Gang up on whom?
Press: ? - help, Dir - move target cursor, f - iguana
Aim: an iguana (heavily wounded) Attack!
The iguana hisses menacingly.
The iguana misses your ball python.
Your ball python closely misses the iguana.
Your ball python grabs the iguana.
Your ball python constricts the iguana.
The iguana closely misses your ball python.
Your ball python bites the iguana.
Your ball python constricts the iguana.
Your ball python bites the iguana but does no damage.
Your ball python barely misses the iguana.
Your ball python constricts the iguana.
The iguana bites your ball python!
Your ball python dies!
Your ball python misses the iguana.
Your ball python barely misses the iguana.
The iguana misses your ball python.
Your ball python bites the iguana but does no damage.
Your ball python grabs the iguana.
Your ball python constricts the iguana.
Your ball python bites the iguana but does no damage.
Your ball python constricts the iguana.
The iguana bites your ball python!
Your ball python dies!
The iguana hisses angrily.
Throwing (i - inventory. (/) - cycle)
l - 108 stones (quivered)
Press: ? - help, Shift-Dir - straight line, f/p - iguana
Aim: an iguana (severely wounded)
You throw a stone.
The stone hits the iguana but does no damage.
The iguana is severely wounded.
Throwing (i - inventory. (/) - cycle)
n - 21 poisoned darts (quivered)
Press: ? - help, Shift-Dir - straight line, f/p - iguana
Aim: an iguana (severely wounded)
You throw a poisoned dart. The poisoned dart hits the iguana.
The iguana is severely wounded.
The iguana bites you but does no damage.
Throwing (i - inventory. (/) - cycle)
n - 20 poisoned darts (quivered)
Press: ? - help, Shift-Dir - straight line, f/p - iguana
Aim: an iguana (severely wounded)
You throw a poisoned dart.
The poisoned dart completely misses the iguana.
The iguana bites you!
* * * LOW HITPOINT WARNING * * *
Casting: Sticks to Snakes (safe; 6% risk of failure)
Confirm with . or Enter, or press ? or * to list all spells.
You create a snake!
You now have 15 arrows.
The iguana bites you!
You die...
Fedhas appreciates your contribution to the ecosystem.

# ######## #
#....[<###########
###.#####..........#####
'[.................'..>####
###................###....#
# #................###.##.##
#
#................##...#..##
#
##.....#########.#..#....(##
# #.....# #.@lS#.###(....# #
#.....# #.###..#⌠_..∩..#
#.....# #.###..###.....#
#.....# #.#.....#(....##
#.....# #.####....#..##
#.....# #.# #....####
#.....# #.######.####
############.#.##......#
#......#.#######.#


You could see an iguana and a friendly ball python.

Vanquished Creatures
  4 crimson imps
  An orc wizard (D:2)
  3 orc priests
  5 adders
  3 worms
  4 dart slugs
  A leopard gecko (D:2)
  8 orcs
  5 bats
  4 giant cockroaches
  7 hobgoblins
  8 jackals
  2 quokkas (D:3)
  3 ball pythons
  12 goblins
  8 kobolds
  10 rats
  A toadstool (D:1)
89 creatures vanquished.

Vanquished Creatures (collateral kills)
  An orc priest (D:3)
  2 orcs (D:3)
3 creatures vanquished.

Vanquished Creatures (others)
  A human (D:3)
  3 toadstools (D:1)
4 creatures vanquished.

Grand Total: 96 creatures vanquished

Notes
Turn   | Place    | Note
-------+----------+-------------------------------------------
     0 | D:1      | MisterOstroum the Ogre Transmuter began the quest for the
                  | Orb.
     0 | D:1      | Reached XP level 1. HP: 19/19 MP: 3/3
   224 | D:1      | Reached skill level 2 in Fighting
   313 | D:1      | Reached XP level 2. HP: 15/29 MP: 3/5
   333 | D:1      | Learned a level 2 spell: Sticks to Snakes
  1000 | D:1      | Reached skill level 3 in Fighting
  1195 | D:1      | Reached XP level 3. HP: 36/37 MP: 6/6
  1638 | D:1      | Reached skill level 4 in Fighting
  2389 | D:2      | Found a blossoming altar of Fedhas.
  2440 | D:2      | Became a worshipper of Fedhas Madash
  2743 | D:2      | Reached XP level 4. HP: 42/49 MP: 5/7
  2855 | D:2      | Learned a level 4 spell: Ice Form
  3402 | D:3      | Found a shimmering altar of Xom.
  3416 | D:3      | Paralysed by a crimson imp for 4 turns
  3451 | D:3      | HP: 1/49 [adder (2)]
  4104 | D:3      | Reached skill level 5 in Fighting
  4104 | D:3      | Reached XP level 5. HP: 44/57 MP: 7/9
  4153 | D:2      | Reached * piety under Fedhas
  4430 | D:2      | Reached skill level 1 in Ice Magic
  4588 | D:2      | Reached XP level 6. HP: 27/66 MP: 10/10
  5078 | D:3      | Found a faded altar of an unknown god.
  5915 | D:3      | HP: 4/99 [poisoned by a kobold]
  5921 | D:3      | HP: 3/99 [poisoned by a kobold]
  5926 | D:3      | HP: 3/99 [poisoned by a kobold]
  5931 | D:3      | HP: 3/99 [poisoned by a kobold]
  6743 | D:3      | Found Zin's Purification Station.
  6747 | D:3      | Found a glowing silver altar of Zin.
  6750 | D:3      | Bought a potion of curing for 90 gold pieces
  6763 | D:3      | Found an ancient bone altar of Kikubaaqudgha.
  6766 | D:3      | Noticed a human
  6767 | D:3      | Killed a human
  6958 | D:3      | Slain by an iguana

Levels and vault maps discovered:
D:1:      ldierk_water_garden, layout_loops_ring, chequers_avenue
D:2:      kennysheep_six_static_rooms, layout_basic,
          nicolae_overflow_crystal_walls
D:3:      layout_basic, led_xom_imps, zin_purify,
          chequers_ecumenical_altar_simple, first_ration, tgw_kikubaaqudgha
D:4:      layout_rooms, lemuel_crystal_altar, nicolae_gozag_zags_fifth_avenue

Skill      XL: |  1  2  3  4  5  6 |
---------------+-------------------+-----
Fighting       | 2 3 4 5 |  5.1
Unarmed Combat | 3 |  3.0
Transmutations | 2 3 |  3.7
Spellcasting   | 3 |  3.7
Ice Magic      | 1 2 |  2.5
Dodging        | |  1.7

Action                   |  1- 3 |  4- 6 || total
-------------------------+-------+-------++-------
Melee: Unarmed           |   151 |   364 ||   515
       Kick              |     3 |    14 ||    17
       Headbutt          |     1 |     8 ||     9
       Punch             |       |     5 ||     5
Throw: Dart              |     5 |    15 ||    20
       Stone             |     2 |     3 ||     5
 Cast: Beastly Appendage |     5 |    13 ||    18
       Sticks to Snakes  |     5 |    15 ||    20
       Ice Form          |       |     1 ||     1
  Use: Scroll            |       |     5 ||     5
       Potion            |       |     3 ||     3
  Eat: Chunk             |     6 |    11 ||    17
       Ration            |       |     1 ||     1
Armor: Robe              |    28 |    90 ||   118
Dodge: Dodged            |    65 |   211 ||   276
